 Dungeon Crawl Stone Soup version 0.29.1-12-g30fa7ad0bf (webtiles) character file.

Game seed: 6183700887945692729

75824 croobank the Spry (level 15, -43/111 HPs)
             Began as a Felid Summoner on Jan 2, 2023.
             Was an Initiate of Gozag.
             Blown up by an orb spider (75 damage)
             ... with an orb of destruction
             ... led by a torpor snail
             ... on level 4 of the Spider Nest.
             The game lasted 04:18:22 (40529 turns).

croobank the Spry (Felid Summoner)                 Turns: 40529, Time: 04:18:23

Health: -43/111    AC: 16    Str: 14    XL:     15   Next: 10%
Magic:  19/32      EV: 21    Int: 22    God:    Gozag
Gold:   5186       SH:  0    Dex: 25    Spells: 2/38 levels left
                                        Lives:  0   Deaths: 2

rFire   + + +      SeeInvis +   (weapon unavailable)
rCold   x . .      Faith    .   (shield unavailable)
rNeg    . . .      Spirit   .   (body armour unavailable)
rPois   +          Reflect  .   (helmet unavailable)
rElec   .          Harm     .   (cloak unavailable)
rCorr   .          Rampage  .   (gloves unavailable)
Will    +++..                   (boots unavailable)
Stlth   ++........              v - amulet of magic regeneration
HPRegen 0.28/turn               h - ring of Duebih {Fly rPois rF+++ Dex+6 Stlth-}
MPRegen 0.63/turn               B - ring of willpower

@: dragon-form, forested, gold aura, on berserk cooldown, flying, slowed, very
slow
A: dragon claw, dragon scales, breathe fire, flying, boosted hp, giant, (claws
1), (fangs 3), see invisible, (speed 1), (shaggy fur 3), (stealthy paws), no
weapons or thrown items, no armour, multi-lived, (poison resistance)
a: Breathe Fire, End Transformation, Renounce Religion, Potion Petition, Call
Merchant, Bribe Branch


You were on level 4 of the Spider Nest.
You worshipped Gozag.
Gozag was greatly pleased with you.
You were a fearsome dragon!
You visited 5 branches of the dungeon, and saw 24 of its levels.
You also visited: Volcano.

You collected 10325 gold pieces.
You spent 3575 gold pieces at shops.
You paid 1564 gold pieces to Gozag.

Inventory:

Jewellery
 a - a ring of wizardry
 f - a ring of positive energy
 h - the ring of Duebih (left foreclaw) {Fly rPois rF+++ Dex+6 Stlth-}
   (You acquired it on level 4 of the Dungeon)

   [ring of dexterity]

   Dex:       It affects your dexterity (+6).
   rF:        It renders you almost immune to fire.
   rPois:     It protects you from poison.
   Fly:       It grants you flight.
   Stlth:     It makes you less stealthy.
 m - a ring of ice
 o - a ring of flight
 q - a ring of protection from cold
 v - an amulet of magic regeneration (around neck)
 w - a ring of ice
 x - a ring of wizardry
 z - a +6 ring of dexterity
 B - a ring of willpower (right foreclaw)
 C - a +6 ring of strength
 E - a ring of magical power
 F - an amulet of regeneration
 P - a ring of positive energy
Wands
 i - a wand of flame (2)
 k - a wand of mindburst (3)
 t - a wand of iceblast (29)
 A - a wand of digging (7)
 I - a wand of polymorph (6)
 J - a wand of charming (16)
Scrolls
 c - 6 scrolls of poison
 d - 4 scrolls of teleportation
 p - 2 scrolls of immolation
 y - 3 scrolls of amnesia
 H - 3 scrolls of identify
 M - 4 scrolls of silence
 O - 2 scrolls of vulnerability
Potions
 b - 11 potions of curing
 e - a potion of ambrosia
 g - 4 potions of might
 j - 4 potions of brilliance
 l - 4 potions of flight
 n - 8 potions of lignification
 r - a potion of attraction
 s - 3 potions of heal wounds
 u - 2 potions of berserk rage
 G - 2 potions of haste
Miscellaneous
 D - a box of beasts
 Q - a lightning rod (4/4)


   Skills:
 + Level 13.6 Fighting
 + Level 17.6 Dodging
 - Level 2.6 Stealth
 + Level 12.0 Spellcasting
 - Level 8.0 Hexes
 + Level 12.4 Summonings
 - Level 6.2 Translocations
 * Level 14.6 Transmutations
 - Level 7.0 Air Magic


You had 2 spell levels left.
You knew the following spells:

 Your Spells              Type           Power      Damage    Failure   Level
a - Summon Small Mammal   Summ           100%       N/A       1%          1
b - Yara's Violent Unrav  Hex/Tmut       29%        3d12      1%          5
c - Call Canine Familiar  Summ           61%        N/A       1%          3
d - Summon Guardian Gole  Hex/Summ       55%        N/A       1%          3
e - Summon Lightning Spi  Summ/Air       54%        N/A       1%          4
f - Summon Mana Viper     Hex/Summ       55%        N/A       1%          5
g - Tukima's Dance        Hex            48%        N/A       1%          3
h - Summon Forest         Summ/Tloc      26%        N/A       3%          5
i - Dragon Form           Tmut           33%        N/A       11%         7

Your spell library contained the following spells:

 Spells                   Type           Power      Damage    Failure   Level
 Beastly Appendage        Tmut           100%       N/A       0%          1
 Shock                    Conj/Air       100%       1d9       1%          1
 Call Imp                 Summ           61%        N/A       1%          2
 Passwall                 Tmut/Erth      37%        N/A       1%          2
 Wereblood                Tmut           67%        N/A       1%          2
 Freeze                   Ice            52%        1d7       4%          1
 Sandblast                Erth           26%        2d8       4%          1
 Spider Form              Tmut/Pois      45%        N/A       1%          3
 Swiftness                Air            44%        N/A       1%          3
 Blade Hands              Tmut           33%        N/A       1%          5
 Airstrike                Air            22%        2d(4-20)  2%          4
 Passage of Golubria      Tloc           40%        N/A       3%          4
 Summon Cactus Giant      Summ           30%        N/A       4%          6
 Irradiate                Conj/Tmut      22%        3d19      7%          5
 Leda's Liquefaction      Hex/Erth       15%        N/A       10%         4
 Frozen Ramparts          Ice            26%        1d4       14%         3
 Stone Arrow              Conj/Erth      26%        3d8       14%         3
 Statue Form              Tmut/Erth      30%        N/A       36%         6
 Hailstorm                Conj/Ice       13%        3d5       43%         4
 Lee's Rapid Deconstruct  Erth           6%         3d7*      80%         5
 Haunt                    Necr/Summ      20%        N/A       97%         7
 Iron Shot                Conj/Erth      6%         9d2       100%        6
 Starburst                Conj/Fire      6%         6d4       100%        6
 Orb of Destruction       Conj           6%         9d6       100%        7
 Infestation              Necr           6%         N/A       100%        8
 Portal Projectile        Hex/Tloc       Unusable   N/A       N/A         3
 Animate Dead             Necr           Unusable   N/A       N/A         4

Dungeon Overview and Level Annotations

Branches:
Dungeon (12/15)            Temple (0/1) D:5            Lair (5/5) D:10
 Shoals (0/4) Lair:2       Spider (4/4) Lair:2        Slime (0/5) Lair:4
    Orc (2/2) D:10            Elf (1/3) Orc:2       Volcano (visited)

Altars:
Ashenzari
Gozag
Makhleb
Trog
Vehumet
Wu Jian

Shops:
D:12 *   Orc:1 **   Orc:2 :?::   Spider:2 !

Portals:
Trove: D:11 (give 2 scrolls of acquirement)

Annotations:
D:3 2 transporters, Mitcholas's ghost, amateur TrFi
Elf:1 Azrael


Innate Abilities, Weirdness & Mutations

You are a fearsome dragon!
You have a powerful clawing attack.
Your giant scaled body is strong and resiliant, but less evasive.
You can breathe fire.
You are flying.
Your maximum health is greatly increased.
((You have sharp claws.))
((You have razor-sharp teeth.))
You have supernaturally acute eyesight. (SInv)
((You cover ground quickly. (Speed+)))
((Your thick and shaggy fur keeps you warm. (AC +3, rC+)))
((Your paws help you pounce on unaware monsters.))
You are incapable of wielding weapons or throwing items.
You cannot wear armour.
You gain extra lives every three experience levels.
((Your system is resistant to poisons. (rPois)))


Message History

Confirm with . or Enter, or press ? or * to list all spells.
A mana viper appears with a sibilant hiss.
A root smacks the wolf spider from below!
A tree reaches out and hits the jumping spider!
The jumping spider splashes around in the water.
The jumping spider bites you but does no damage.
The tarantella splashes around in the water.
The jumping spider misses you. The jumping spider closely misses you.
The wolf spider hits your dryad! The wolf spider bites your dryad.
Your dryad looks as sick as possible!
The wolf spider poisons your dryad! The tarantella closely misses you.
The jumping spider closely misses you.
The jumping spider bites you but does no damage.
The trees move their gnarly branches around.
The jumping spider is hit by a branch.
The trees move their gnarly branches around.
The jumping spider is hit by a branch!
The orb spider weaves a glowing orb of energy.
Your mana viper bites the jumping spider!
The jumping spider dies!
The tarantella barely misses you.
Your dryad hits the orb spider.
An orb of destruction comes into view.
The tarantella attacks as you move away!
The tarantella touches you.
* * * LOW HITPOINT WARNING * * *
The tarantella touches your mana viper.
Your mana viper appears confused.
The orb spider pulsates with a strange energy.
The tarantella touches your mana viper.
Your mana viper appears confused.
Your dryad hits the orb spider.
Trunks creak and shift.
The tarantella touches your mana viper!
Your mana viper appears confused.
A wolf spider comes into view.
The tarantella touches your mana viper.
Your mana viper appears confused.
The orb of destruction hits you!!!!
Ouch! That really hurt!
You die...

. ......^.##...^#.....#.# #≈
...........^.[♣..##.... ..^#♣#♣
..^.......##.^.^.#..^..
.....^^#####♣♣^....#...#...####
...?.^^^.s♣~^~~.......♣#.......
.....♣.R.°°○≈≈~...#<.^#.^####..
.........~~~○≈.....#.......^...
..s..^.w..~s≈○~$$#.##.....^...#
#..^^.^^^~~sS^D....^#^.....##^#
~.^#♣###♣###♣#..$.........# .^#
.. $.^......^##### .#^# .
~.s.$..#...^ ^#.)
....^......###. ...^.
.....^...... ..#. ...~.$....##.
#### ^^######.... # #


You could see a torpor snail, 2 wolf spiders, an orb spider (charged, ally
target), a tarantella (ally target), a friendly dryad (summoned, extremely
poisoned, slow) and a friendly mana viper (summoned, confused, slow).

Vanquished Creatures
  Saint Roka (Orc:2)
  A ghost moth (Spider:4)
  2 spark wasps
  An ettin (Orc:1)
  A radroach (Spider:1)
  A two-headed ogre (Orc:1)
  A death yak (Lair:3)
  An orc high priest (Orc:2)
  Sonja (D:11)
  3 pharaoh ants
  2 steelbarb worms
  2 wizards (Elf:1)
  An ugly thing (D:12)
  3 deep elf zephyrmancers (Elf:1)
  7 orc sorcerers
  3 deep elf pyromancers (Elf:1)
  10 wolf spiders
  2 cyclopes (Orc:1)
  2 black mambas (Lair:5)
  An elephant (Lair:5)
  2 torpor snails
  2 demonic crawlers
  2 polar bears (Lair:5)
  7 tarantellas
  8 culicivoras
  9 jumping spiders
  A wyvern (Lair:5)
  A fire elemental (Elf:1)
  11 redbacks
  5 wargs
  3 hell hounds (Lair:5)
  2 orc warriors
  A sky beast (D:7)
  3 wolves (Lair:5)
  A kobold brigand (D:6)
  2 necrophages
  4 electric eels
  A lava snake (Volcano)
  A hound (D:5)
  4 orc priests
  A gnoll bouda (D:5)
  12 orc wizards (Orc:2)
  A gnoll (D:6)
  A nameless horror (Orc:2)
  26 orcs
  A ball python (D:1)
  A giant cockroach (Lair:2)
  3 kobolds (D:6)
  A quokka (D:3)
  2 bats
  2 frilled lizards (D:1)
  2 rats
169 creatures vanquished.

Vanquished Creatures (collateral kills)
  Arachne (Spider:4)
  An emperor scorpion (Spider:3)
  Louise (Spider:4)
  A ghost moth (Spider:1)
  A dire elephant (Lair:4)
  2 entropy weavers (Spider:1)
  A red draconian (Volcano)
  A spark wasp (Spider:2)
  An ettin (Orc:1)
  3 hydras
  Fannar (D:11)
  An ogre mage (Volcano)
  A catoblepas (Lair:3)
  7 two-headed ogres
  A radroach (Spider:1)
  3 death yaks
  Nergalle (D:10)
  A sun moth (Spider:3)
  4 pharaoh ants
  7 orb spiders
  A steelbarb worm (Spider:3)
  An orc knight (Orc:1)
  8 wolf spiders
  4 orc sorcerers (Orc:2)
  10 cyclopes (Orc:1)
  4 black mambas (Lair:5)
  Maurice (D:12)
  3 merfolk sirens (Lair:2)
  16 elephants
  A guardian serpent (Lair:5)
  A molten gargoyle (Volcano)
  Maggie (D:9)
  10 cane toads
  A torpor snail (Spider:2)
  A kobold demonologist (D:12)
  3 rime drakes
  A demonic crawler (Spider:2)
  A komodo dragon (Lair:1)
  4 trolls
  A merfolk (Lair:2)
  6 polar bears (Lair:5)
  Prince Ribbit (D:5)
  4 blink frogs (Lair:5)
  7 dream sheep
  8 tarantellas
  A raiju (Lair:5)
  2 hornets (Lair:5)
  12 jumping spiders
  7 wyverns (Lair:5)
  9 culicivoras
  2 shadows (D:12)
  9 fire bats
  2 wraiths (D:12)
  31 yaks
  A basilisk (Lair:5)
  A steam dragon (D:8)
  25 redbacks
  7 wargs
  Edmund (D:5)
  An acid dragon (D:10)
  15 water moccasins
  12 hell hounds
  13 orc warriors
  A sky beast (D:7)
  12 black bears
  13 ogres
  A boggart (Elf:1)
  17 wolves
  2 centaurs
  A nameless horror (Spider:1)
  2 gnoll sergeants
  6 bullfrogs
  An earth elemental (Elf:1)
  A necrophage (D:6)
  4 scorpions
  5 wights (D:8)
  A killer bee (D:11)
  2 howler monkeys
  6 lava snakes (Volcano)
  11 orc priests
  3 hounds
  2 jellies
  19 orc wizards
  21 gnolls
  3 adders
  A white imp (D:7)
  2 ufetubi
  A worm (Lair:2)
  A dart slug (D:4)
  58 orcs
  7 ball pythons
  5 bats
  4 endoplasms
  2 giant cockroaches (Lair:2)
  3 goblins
  8 hobgoblins
  3 jackals (D:5)
  A quokka (D:2)
  4 frilled lizards
  8 kobolds
  5 rats
  2 butterflies (D:5)
539 creatures vanquished.

Vanquished Creatures (others)
  A stone giant (Orc:1)
  2 spark wasps
  2 hydras
  3 two-headed ogres
  2 death yaks (Lair:3)
  Urug (D:12)
  An orc sorcerer (Orc:2)
  An ugly thing (D:11)
  2 cyclopes (Orc:1)
  5 elephants
  3 black mambas (Lair:5)
  2 cane toads
  A gargoyle (Volcano)
  A demonic crawler (Lair:2)
  3 komodo dragons
  A polar bear (Lair:5)
  A troll (Orc:1)
  A tarantella (Spider:3)
  A hornet (D:9)
  A dancing weapon (Elf:1)
  A wraith (D:10)
  11 yaks
  3 wyverns
  A redback (Lair:5)
  A basilisk (Lair:3)
  A steam dragon (D:10)
  3 wargs
  2 water moccasins (D:10)
  4 orc warriors
  2 ice beasts
  6 black bears
  5 ogres
  4 wolves
  Blork the orc (D:5)
  A bullfrog (D:10)
  A gnoll sergeant (D:12)
  2 scorpions
  9 killer bees
  A hound (D:4)
  3 orc priests
  An iguana (D:5)
  4 orc wizards
  5 gnolls
  2 orcs
  88 fungi
  124 plants
  8 snaplasher vines
  2 withered plants (D:2)
331 creatures vanquished.

Grand Total: 1039 creatures vanquished

Notes
Turn   | Place    | Note
-------+----------+-------------------------------------------
     0 | D:1      | croobank the Felid Summoner began the quest for the Orb.
     0 | D:1      | Reached XP level 1. HP: 7/7 MP: 4/4
   202 | D:1      | Reached skill level 3 in Dodging
   202 | D:1      | Reached XP level 2. HP: 12/12 MP: 3/6
   205 | D:1      | Learned a level 2 spell: Call Imp
   671 | D:1      | Reached skill level 1 in Fighting
  1005 | D:2      | Found a faded altar of an unknown god.
  1254 | D:2      | Reached XP level 3. HP: 14/15 MP: 2/7
  1258 | D:2      | Learned a level 3 spell: Call Canine Familiar
  2133 | D:3      | Found a transporter.
  2136 | D:3      | Identified the +3 spear of Wukhip {venom, Fly Str-4 Int+3}
  2149 | D:3      | Noticed Mitcholas's ghost (amateur TrFi)
  2223 | D:3      | Found a transporter.
  2725 | D:3      | Found a bloodstained altar of Trog.
  2890 | D:3      | Reached XP level 4. HP: 19/19 MP: 4/8
  3173 | D:4      | Noticed an ogre
  3185 | D:4      | Killed an ogre
  3186 | D:4      | Reached skill level 4 in Dodging
  3186 | D:4      | Reached XP level 5. HP: 23/23 MP: 1/10
  3278 | D:4      | Learned a level 3 spell: Summon Guardian Golem
  3319 | D:4      | Reached skill level 1 in Hexes
  3324 | D:4      | Gained mutation: You are covered in thick fur. (AC +2)
                  | [Felid growth]
  3324 | D:4      | Reached XP level 6. HP: 25/27 MP: 2/11
  3420 | D:4      | Reached skill level 5 in Summonings
  4040 | D:4      | Identified a scroll of acquirement
  4041 | D:4      | Acquired the ring of Duebih {Fly rPois rF+++ Dex+6 Stlth-}
  4072 | D:5      | Entered Level 5 of the Dungeon
  4072 | D:5      | Noticed an ice beast
  4072 | D:5      | Found a staircase to the Ecumenical Temple.
  4076 | D:5      | Noticed Prince Ribbit
  4134 | D:5      | Reached skill level 5 in Dodging
  4260 | D:6      | Found an opulent altar of Gozag.
  4279 | D:6      | Became a worshipper of Gozag Ym Sagoz the Greedy
  4378 | D:6      | Reached XP level 7. HP: 20/31 MP: 5/13
  5254 | D:5      | Reached skill level 6 in Dodging
  5299 | D:5      | Killed Prince Ribbit
  5300 | D:5      | Reached skill level 5 in Hexes
  5300 | D:5      | Reached XP level 8. HP: 14/36 MP: 7/15
  5868 | D:5      | Learned a level 4 spell: Summon Lightning Spire
  5889 | D:5      | Found a burning altar of Makhleb.
  5979 | D:5      | Noticed Blork the orc
  5991 | D:5      | Killed Blork the orc
  6313 | D:5      | Noticed Edmund
  6332 | D:5      | Killed Edmund
  6333 | D:5      | Reached skill level 7 in Dodging
  6333 | D:5      | Reached skill level 5 in Spellcasting
  6333 | D:5      | Reached skill level 1 in Air Magic
  6601 | D:5      | Reached skill level 5 in Fighting
  7789 | D:7      | Reached XP level 9. HP: 40/40 MP: 6/17
  8645 | D:7      | Reached skill level 8 in Dodging
  9660 | D:8      | Found a radiant altar of Vehumet.
  9678 | D:8      | Found a broken altar of Ashenzari.
  9983 | D:8      | Found an ornate altar of the Wu Jian Council.
 10015 | D:8      | Identified the +1 robe of the Valley {Int+4 Slay+2}
 10851 | D:9      | Noticed Maggie
 10857 | D:9      | Learned a level 3 spell: Tukima's Dance
 10869 | D:9      | Killed Maggie
 10870 | D:9      | Reached skill level 9 in Dodging
 10961 | D:9      | Reached XP level 10. HP: 46/46 MP: 11/20
 11927 | D:10     | Entered Level 10 of the Dungeon
 12497 | D:10     | Found a staircase to the Lair.
 12514 | D:10     | Reached skill level 10 in Dodging
 12514 | D:10     | Reached skill level 5 in Air Magic
 12959 | D:10     | Found a staircase to the Orcish Mines.
 13182 | D:10     | Noticed a two-headed ogre
 13191 | D:10     | Reached XP level 11. HP: 51/51 MP: 19/23
 13199 | D:10     | Killed a two-headed ogre
 13309 | D:10     | Noticed Nergalle
 13335 | D:10     | Killed Nergalle
 13938 | D:11     | Noticed a five-headed hydra
 13942 | D:11     | Noticed a two-headed ogre
 13960 | D:11     | Killed a two-headed ogre
 13961 | D:11     | Reached skill level 11 in Dodging
 13974 | D:11     | Killed a five-headed hydra
 14644 | D:11     | Found a portal to a secret trove of treasure.
 15493 | D:11     | Noticed Sonja
 15494 | D:11     | Noticed Fannar
 15511 | D:11     | Killed Sonja
 15538 | D:11     | Killed Fannar
 15739 | D:11     | Noticed a purple ugly thing
 15763 | D:11     | Killed a purple ugly thing
 16809 | D:12     | Found Gethraj's Gadget Gallery.
 16836 | D:12     | Bought a wand of flame (4) for 36 gold pieces
 16836 | D:12     | Bought a wand of iceblast (7) for 218 gold pieces
 16836 | D:12     | Bought a wand of light (1) for 54 gold pieces
 16836 | D:12     | Bought a wand of iceblast (3) for 93 gold pieces
 16960 | D:12     | Noticed Urug
 16970 | D:12     | Killed Urug
 17448 | D:12     | Noticed a two-headed ogre
 17461 | D:12     | Killed a two-headed ogre
 17462 | D:12     | Gained mutation: Your thick and shaggy fur keeps you warm.
                  | (AC +3, rC+) [Felid growth]
 17462 | D:12     | Reached XP level 12. HP: 57/57 MP: 16/25
 17619 | D:12     | Noticed Maurice
 17631 | D:12     | Killed Maurice
 17638 | D:12     | Noticed a four-headed hydra
 17653 | D:12     | Killed a four-headed hydra
 17654 | D:12     | Reached skill level 12 in Dodging
 17654 | D:12     | Reached skill level 10 in Summonings
 17965 | Lair:1   | Entered Level 1 of the Lair of Beasts
 18361 | Lair:1   | Noticed a five-headed hydra
 18365 | Lair:1   | Killed a five-headed hydra
 18585 | Lair:1   | Reached skill level 1 in Transmutations
 19832 | Lair:2   | Reached skill level 13 in Dodging
 19838 | Lair:2   | Learned a level 5 spell: Yara's Violent Unravelling
 19853 | Lair:2   | Found a staircase to the Shoals.
 19953 | Lair:2   | Reached skill level 10 in Fighting
 21054 | Lair:2   | Found a hole to the Spider Nest.
 21075 | Lair:2   | Reached skill level 5 in Transmutations
 21866 | Lair:3   | Noticed a death yak
 21866 | Lair:3   | Noticed a death yak
 21866 | Lair:3   | Noticed a death yak
 21866 | Lair:3   | Noticed a death yak
 21866 | Lair:3   | Noticed a death yak
 21866 | Lair:3   | Noticed a death yak
 21905 | Lair:2   | Killed a death yak
 22097 | Lair:3   | Noticed a catoblepas
 22108 | Lair:3   | Killed a death yak
 22109 | Lair:3   | Reached XP level 13. HP: 52/61 MP: 20/27
 23267 | Lair:4   | Found a staircase to the Slime Pits.
 23284 | Lair:4   | Reached skill level 10 in Spellcasting
 23446 | Lair:4   | Noticed a dire elephant
 23479 | Lair:4   | Killed a dire elephant
 23614 | Lair:4   | Reached skill level 14 in Dodging
 24006 | Lair:4   | Found a dark tunnel.
 24016 | Volcano  | Entered a volcano
 24540 | Volcano  | Found a burning altar of Makhleb.
 24686 | Volcano  | Noticed a red draconian
 24719 | Volcano  | Killed a red draconian
 25548 | Lair:5   | Entered Level 5 of the Lair of Beasts
 25831 | Lair:5   | Reached skill level 10 in Transmutations
 25895 | Lair:5   | Reached XP level 14. HP: 65/67 MP: 29/29
 26187 | Lair:5   | Reached skill level 15 in Dodging
 29443 | Lair:5   | Got the Textbook on the Ruinous Storm
 30020 | Orc:1    | Entered Level 1 of the Orcish Mines
 30129 | Orc:1    | Found Ymerraja's Assorted Antiques.
 30137 | Orc:1    | Found Deseg's Mayhem Merchandise.
 30140 | Orc:1    | Bought a scroll of identify for 74 gold pieces
 30140 | Orc:1    | Bought a scroll labelled DYASTR HANIVI for 37 gold pieces
 30140 | Orc:1    | Bought a scroll of identify for 74 gold pieces
 30140 | Orc:1    | Bought a scroll of blinking for 277 gold pieces
 30144 | Orc:1    | Bought a wand of iceblast (4) for 153 gold pieces
 30948 | Orc:1    | Reached XP level 15. HP: 72/72 MP: 13/30
 31030 | Orc:1    | Reached skill level 16 in Dodging
 31492 | Orc:1    | Found the +6 Majin-Bo {vamp, MP+6 Int+6}
 31497 | Orc:1    | Identified the +2 demon blade "Pola" {elec, Contam Fly rF+
                  | Dex+5}
 31503 | Orc:1    | Identified the +6 mace of Fiolejiet {holy, rCorr SInv}
 31728 | Orc:1    | Learned a level 7 spell: Dragon Form
 32119 | Orc:2    | Entered Level 2 of the Orcish Mines
 32810 | Orc:2    | Noticed Saint Roka
 33435 | Orc:2    | Killed Saint Roka
 34144 | Orc:2    | Found Qubepn's Book Boutique.
 34144 | Orc:2    | Found Gaisk's Book Shoppe.
 34158 | Orc:2    | Bought a book of the Wilderness for 494 gold pieces
 34158 | Orc:2    | Bought a book of the Earth for 468 gold pieces
 34158 | Orc:2    | Bought a book of Air for 286 gold pieces
 34158 | Orc:2    | Bought a book of Changes for 234 gold pieces
 34343 | Orc:2    | Reached skill level 1 in Translocations
 34374 | Orc:2    | Learned a level 5 spell: Summon Mana Viper
 34729 | Orc:2    | Found Sipecife's Magic Scroll Boutique.
 34729 | Orc:2    | Found Zogutz's Book Shoppe.
 34735 | Orc:2    | Bought a book of Geomancy for 234 gold pieces
 34744 | Orc:2    | Bought a scroll of vulnerability for 56 gold pieces
 34744 | Orc:2    | Bought a scroll of identify for 28 gold pieces
 34744 | Orc:2    | Bought a scroll of magic mapping for 105 gold pieces
 34744 | Orc:2    | Bought a scroll of teleportation for 42 gold pieces
 34836 | Orc:2    | Found a staircase to the Elven Halls.
 35137 | Orc:2    | Learned a level 5 spell: Summon Forest
 35211 | Elf:1    | Entered Level 1 of the Elven Halls
 35288 | Elf:1    | Noticed Azrael
 35318 | Elf:1    | Killed from afar by a deep elf knight
 35319 | Elf:1    | Reached XP level 14. HP: -11/69 MP: 29/30
 35554 | Spider:1 | Entered Level 1 of the Spider Nest
 36055 | Spider:1 | Gained mutation: You sometimes lose your temper in combat.
                  | [mutagenic glow]
 36060 | Spider:1 | Reached skill level 5 in Translocations
 36139 | Spider:1 | You are sucked into a shaft and drop 1 floor!
 36171 | Spider:2 | Slain by a culicivora
 36172 | Spider:2 | Reached XP level 13. HP: -1/145 MP: 20/29
 36197 | Spider:2 | Killed a spark wasp
 36448 | Spider:2 | Killed a spark wasp
 36751 | Spider:2 | Noticed a spark wasp
 36762 | Spider:2 | Killed a spark wasp
 36800 | Spider:1 | Reached XP level 14. HP: 62/70 MP: 26/30
 37809 | Spider:1 | Noticed a ghost moth
 37845 | Spider:1 | Gained mutation: You expend magic power (3 MP) to
                  | strengthen your wands. [mutagenic glow]
 37847 | Spider:1 | Killed a ghost moth
 37850 | Spider:1 | Lost mutation: You sometimes lose your temper in combat.
                  | [potion of mutation]
 37850 | Spider:1 | Lost mutation: You expend magic power (3 MP) to strengthen
                  | your wands. [potion of mutation]
 37850 | Spider:1 | Gained mutation: You are clumsy. (Dex -2) [potion of
                  | mutation]
 37869 | Spider:1 | Gained mutation: You occasionally lose the ability to drink
                  | potions when taking damage. [mutagenic glow]
 37928 | Spider:1 | Reached skill level 17 in Dodging
 38892 | Spider:2 | Bought 2 potions of heal wounds for 170 gold pieces
 38892 | Spider:2 | Bought a potion of brilliance for 68 gold pieces
 38892 | Spider:2 | Bought a potion of might for 68 gold pieces
 38892 | Spider:2 | Bought a potion of berserk rage for 85 gold pieces
 38892 | Spider:2 | Bought a potion of might for 68 gold pieces
 38892 | Spider:2 | Bought a potion of berserk rage for 85 gold pieces
 38892 | Spider:2 | Bought a potion of might for 68 gold pieces
 39075 | Spider:3 | Noticed an emperor scorpion
 39483 | Spider:3 | Lost mutation: You are clumsy. (Dex -2) [potion of
                  | mutation]
 39483 | Spider:3 | Lost mutation: You occasionally lose the ability to drink
                  | potions when taking damage. [potion of mutation]
 39483 | Spider:3 | Gained mutation: Your system is resistant to poisons.
                  | (rPois) [potion of mutation]
 39726 | Spider:3 | Killed an emperor scorpion
 40325 | Spider:4 | Entered Level 4 of the Spider Nest
 40369 | Spider:4 | Noticed Louise
 40374 | Spider:4 | Noticed Arachne
 40380 | Spider:4 | Killed Louise
 40390 | Spider:4 | Killed Arachne
 40391 | Spider:4 | Reached XP level 15. HP: 74/74 MP: 16/31
 40529 | Spider:4 | Blown up by an orb spider

Illustrated notes

Levels and vault maps discovered:
D:1:      minmay_arrival_cross, layout_loops_ring, fountainhead,
          minmay_pentomino_v4
D:2:      layout_basic, ebering_ecumenical_altar_petrified, minmay_misc_feat_x
D:3:      layout_loops_ring, trog_three_pillars_becter,
          gammafunk_ghost_gnarly_gnolls
D:4:      layout_loops_cross
D:5:      layout_layer_cave, makhleb_blood_cavern_becter,
          minmay_temple_entry_butterflies, uniq_edmund, uniq_blork_the_orc,
          uniq_prince_ribbit1
D:6:      layout_layer_cave, mainiacjoe_overflow_tiny_flanked
D:7:      layout_loops_ring, serial_park_tiny_pond, kennysheep_small_spiral,
          minmay_misc_feat_room, kennysheep_minor_cross
D:8:      layout_gridville, lemuel_tele_altar, fiery_altar_vehumet,
          cheibrodos_ashenzari_chains
D:9:      layout_long_grid, enter_bailey_1, uniq_maggie
D:10:     layout_roguey, due_lair_maze_entry_diamond, david_orc_5, uniq_nergalle
D:11:     layout_grid_maze, nicolae_trove_entry_crossroad, uniq_sonja,
          uniq_fannar
D:12:     layout_basic, chequers_garden, nicolae_shop_gadgets, uniq_maurice,
          uniq_urug
Lair:1:   layout_hall_layers
Lair:2:   layout_chaotic_city, elwin_shoals_entry_stream,
          nicolae_spider_entry_non_spiders
Lair:3:   layout_loops_ring, chequers_serial_rivers_micro_d,
          serial_bayou_shore_b, serial_bayou_shore_b, serial_bayou_shore_a,
          infiniplex_staircase_pool
Lair:4:   layout_cave_pods, slime_entry_1, nicolae_volcano_entry_batcave,
          small_statue_intersection, lookout_lair_type,
          nicolae_lair_grazing_beasts [nicolae_sub_lair_graze_edge,
          nicolae_sub_lair_graze_edge, nicolae_sub_lair_graze_edge,
          nicolae_sub_lair_graze_edge]
Lair:5:   hangedman_lair_caniforms_friends, layout_hall_layers,
          hangedman_lair_tendril_chambers
Spider:1: layout_spider_delve
Spider:2: layout_spider_delve
Spider:3: layout_spider_delve
Spider:4: grunt_spider_rune_parallel, uniq_roxanne, uniq_louise, uniq_arachne
Orc:1:    giant_chief_lemuel, layout_caves, serial_shops, shop,
          minmay_shop_mayhem
Orc:2:    st_orc_town, layout_diamond_mine, uniq_saint_roka
Elf:1:    layout_loops_ring, serial_shops, nicolae_lakefront_shop,
          hangedman_elf_disciples, minivault_26, drop_trap,
          minmay_shop_grid_forest, uniq_azrael

Skill      XL: |  1  2  3  4  5  6  7  8  9 10 11 12 13 14 15 |
---------------+----------------------------------------------+-----
Dodging        | 3 4 5 6 7 9 10 11 13 14 17 16 | 17.6
Fighting       | 1 2 3 4 5 6 7 9 10 13 12 | 13.6
Spellcasting   | 3 4 5 6 7 8 9 10 12 | 12.0
Hexes          | 1 3 5 7 8 |  8.0
Summonings     | 5 6 7 8 9 10 12 11 | 12.4
Air Magic      | 2 3 5 6 7 |  7.0
Transmutations | 5 10 14 13 | 14.6
Translocations | 6 5 3 |  6.2
Stealth        | |  2.6

Action                   |  1- 3 |  4- 6 |  7- 9 | 10-12 | 13-15 || total
-------------------------+-------+-------+-------+-------+-------++-------
Melee: Unarmed           |    17 |     5 |    73 |    31 |   286 ||   412
       Bite              |     2 |       |    11 |     4 |    52 ||    69
       Punch             |       |     1 |     2 |       |     5 ||     8
       Tailslap          |       |       |       |       |    31 ||    31
 Cast: Summon Small Mamm |    34 |    12 |    44 |    25 |   271 ||   386
       Call Imp          |    16 |     4 |    19 |    15 |    36 ||    90
       Call Canine Famil |    11 |    12 |    27 |    45 |    85 ||   180
       Summon Guardian G |       |     7 |    30 |    64 |    81 ||   182
       Summon Lightning  |       |       |    19 |    72 |   173 ||   264
       Tukima's Dance    |       |       |     1 |       |     2 ||     3
       Summon Forest     |       |       |       |       |    34 ||    34
       Summon Mana Viper |       |       |       |       |    31 ||    31
       Dragon Form       |       |       |       |       |    18 ||    18
       Yara's Violent Un |       |       |       |       |   100 ||   100
Invok: Potion Petition   |       |       |       |       |     2 ||     2
       Call Merchant     |       |       |       |       |     1 ||     1
 Abil: Breathe Fire      |       |       |       |       |    13 ||    13
Evoke: Wand              |       |       |    13 |     7 |     9 ||    29
  Use: Scroll            |     4 |     9 |     5 |     8 |    12 ||    38
       Potion            |       |     3 |     4 |       |    14 ||    21
 Stab: Sleeping          |     4 |       |     4 |       |       ||     8
       Distracted        |       |     1 |     1 |     1 |     9 ||    12
       Invisible         |       |       |       |       |     2 ||     2
Armor: Skin              |     2 |     1 |    30 |     5 |    95 ||   133
Dodge: Dodged            |    19 |    12 |   136 |    92 |   767 ||  1026
